 Dungeon Crawl Stone Soup version 0.17.0-28-g6e173f8 (webtiles) character file.

1257 septik the Magician (level 8, -4/41 HPs)
             Began as a Deep Elf Fire Elementalist on Nov 29, 2015.
             Was an Initiate of Vehumet.
             Slain by an unseen horror (9 damage)
             ... on level 6 of the Dungeon.
             The game lasted 00:14:48 (6601 turns).

septik the Magician (Deep Elf Fire Elementalist)    Turns: 6601, Time: 00:14:49

Health: -4/41      AC:  7    Str:  5    XL:     8   Next: 27%
Magic:  16/21      EV: 14    Int: 22    God:    Vehumet [......]
Gold:   287        SH:  0    Dex: 16    Spells: 4 memorised, 9 levels left

rFire  . . .     SeeInvis .     D - +0 club
rCold  . . .     Clarity  .     x - +1 leather armour {rPois}
rNeg   . . .     SustAt   .     (no shield)
rPois  +         Gourm    .     C - +1 helmet
rElec  .         Spirit   .     (no cloak)
rCorr  .         Warding  .     o - +0 pair of gloves
rMut   .         Stasis   .     (no boots)
MR     .....                    (no amulet)
Stlth  ++........               r - +2 ring of slaying
                                u - +2 ring of evasion

@: not resistant to hostile enchantments, unstealthy
A: no striking features
a: Renounce Religion


You were on level 6 of the Dungeon.
You worshipped Vehumet.
Vehumet was noncommittal.
You were not hungry.

You visited 1 branch of the dungeon, and saw 6 of its levels.
You also visited: Sewer.

You collected 287 gold pieces.

Inventory:

Hand Weapons
 D - a +0 club (weapon)
Missiles
 d - 2 curare-tipped needles
 k - 200 stones (quivered)
 t - 22 poisoned needles
Armour
 a - a +0 robe
 o - a +0 pair of gloves (worn)
 x - a +1 leather armour of poison resistance (worn)
 C - a +1 helmet (worn)
Jewellery
 r - a +2 ring of slaying (right hand)
 u - a +2 ring of evasion (left hand)
 F - a +2 ring of dexterity {unknown}
Scrolls
 f - 3 scrolls of remove curse
 g - 2 scrolls of teleportation {unknown}
 h - a scroll of enchant weapon {unknown}
 i - 7 scrolls of identify
 j - 2 scrolls of noise {unknown}
 m - 2 scrolls of fear {unknown}
 n - 2 scrolls of magic mapping {unknown}
 q - 3 scrolls of fog {unknown}
 v - a scroll of random uselessness {unknown}
 y - 3 scrolls of blinking {unknown}
 E - a scroll of immolation {unknown}
Potions
 e - a potion of agility
 l - a potion of heal wounds {unknown}
 p - 2 potions of haste {unknown}
 s - a potion of poison {unknown}
 w - 2 potions of might {unknown}
 A - 5 potions of flight {unknown}
 B - a potion of invisibility {unknown}
 G - a potion of cancellation {unknown}
Books
 b - a book of Flames

   Spells                             Type                      Level
   a - Flame Tongue                   Conjuration/Fire             1
   b - Throw Flame                    Conjuration/Fire             2
   c - Conjure Flame                  Conjuration/Fire             3
   d - Inner Flame                    Hexes/Fire                   3
   e - Sticky Flame                   Conjuration/Fire             4
   f - Fireball                       Conjuration/Fire             5
Comestibles
 c - 4 bread rations
 z - 12 fruits
 H - 7 chunks of flesh


   Skills:
 - Level 2.4 Dodging
 - Level 2.4 Stealth
 + Level 7.7 Spellcasting
 + Level 7.1 Conjurations
 * Level 6.6 Fire Magic


You had 9 spell levels left.
You knew the following spells:

 Your Spells              Type           Power        Failure   Level  Hunger
a - Flame Tongue          Conj/Fire      #####        1%          1    None
b - Conjure Flame         Conj/Fire      #####...     2%          3    None
c - Sticky Flame          Conj/Fire      #####...     10%         4    ###....
d - Fireball              Conj/Fire      #####.....   24%         5    #####..


Dungeon Overview and Level Annotations

Branches:
Dungeon (6/15)
 Temple: D:4-7

Altars:
Dithmenos
Makhleb
Vehumet

Annotations:
D:2 Sigmund


Message History

Found an escape hatch in the floor.
Something hits you.
Deactivating autopickup; reactivate with Ctrl-A.
Something hits you but does no damage. Something hits you. Something hits you.
Something hits you but does no damage. Something hits you. x2
Found 10 gold pieces.
Casting: Flame Tongue
Confirm with . or Enter, or press ? or * to list all spells.
Aiming: Fireball
Press: ? - help, Shift-Dir - straight line The fireball explodes!
The fireball engulfs something.
The fireball engulfs you!
* * * LOW HITPOINT WARNING * * *
Something hits you.
* * * LOW HITPOINT WARNING * * *
Something hits you!
You die...

#. #.# .. #.#
>.... #.# .....
#.# ....###.#
#.......#######
.#.
#.........@.#
#.#
#.....#####.#
#.# ###...# .#
###.# ##.## $#
....#
###.######.#
#.#.#
#...........
....#
#.#.######..
#.#.# #.#.# ..
<...# #.#..


There were no monsters in sight!

Vanquished Creatures
  The ghost of Nicoed the Ruffian, an amateur DrTm (D:5)
  2 ice beasts (D:5)
  2 centaurs (D:5)
  The ghost of homeworkjunkie the Sneak, an amateur SpAs (Sewer)
  A giant frog (D:6)
  3 scorpions
  An orc priest (D:5)
  An orc wizard (D:5)
  A centaur skeleton (D:5)
  A jelly (D:5)
  A worker ant (D:6)
  A gnoll shaman (D:5)
  An iguana (D:4)
  Natasha (D:4)
  A hound zombie (D:5)
  Robin (D:4)
  3 adders
  4 gnolls (D:6)
  2 oozes (Sewer)
  An adder zombie (D:5)
  6 worms
  7 giant geckos
  5 orcs
  13 goblins
  11 hobgoblins
  13 jackals
  4 quokkas
  3 ball pythons
  11 bats
  5 giant cockroaches
  5 giant newts
  6 kobolds
  5 rats
124 creatures vanquished.

Notes
Turn   | Place    | Note
--------------------------------------------------------------
     0 | D:1      | septik the Deep Elf Fire Elementalist began the quest for the Orb.
     0 | D:1      | Reached XP level 1. HP: 10/10 MP: 6/6
   178 | D:1      | Reached XP level 2. HP: 15/15 MP: 1/8
  1076 | D:2      | Reached XP level 3. HP: 13/19 MP: 8/10
  1188 | D:2      | Noticed Sigmund
  1375 | D:2      | Reached skill level 4 in Spellcasting
  1678 | D:2      | Reached XP level 4. HP: 24/24 MP: 7/12
  2446 | D:4      | Found a glowing drain.
  2450 | Sewer    | Entered a sewer
  2463 | Sewer    | Reached XP level 5. HP: 16/28 MP: 0/14
  2997 | Sewer    | Noticed homeworkjunkie's ghost (amateur SpAs)
  3001 | Sewer    | Killed homeworkjunkie's ghost
  3001 | Sewer    | Reached skill level 5 in Spellcasting
  3261 | D:4      | Reached XP level 6. HP: 16/32 MP: 9/16
  3493 | D:4      | Learned a level 3 spell: Conjure Flame
  3498 | D:4      | Learned a level 4 spell: Sticky Flame
  3504 | D:4      | Learned a level 5 spell: Fireball
  3549 | D:4      | Noticed Robin
  3673 | D:4      | Killed Robin
  3758 | D:4      | Noticed Natasha
  3763 | D:4      | Killed Natasha
  3852 | D:4      | Found a shadowy altar of Dithmenos.
  4139 | D:4      | Reached skill level 5 in Fire Magic
  4320 | D:5      | Entered Level 5 of the Dungeon
  4320 | D:5      | Noticed Nicoed's ghost (amateur DrTm)
  4465 | D:5      | Reached skill level 6 in Spellcasting
  4538 | D:5      | HP: 1/32 [Nicoed's ghost (4)]
  5246 | D:5      | Reached skill level 5 in Conjurations
  5246 | D:5      | Reached XP level 7. HP: 7/36 MP: 7/18
  5613 | D:5      | Killed Nicoed's ghost
  5613 | D:5      | Reached skill level 7 in Spellcasting
  5774 | D:5      | Reached XP level 8. HP: 36/41 MP: 11/20
  5854 | D:5      | Found a radiant altar of Vehumet.
  5855 | D:5      | Found a burning altar of Makhleb.
  6115 | D:5      | Became a worshipper of Vehumet
  6601 | D:6      | Slain by an unseen horror

Action                   |  1- 3 |  4- 6 |  7- 9 || total
-------------------------+-------+-------+-------++-------
Melee: Unarmed           |    10 |     2 |       ||    12
       Club              |       |    85 |    31 ||   116
Throw: Stone             |     1 |       |       ||     1
 Cast: Flame Tongue      |    75 |   136 |    71 ||   282
       Sticky Flame      |       |     1 |     1 ||     2
       Fireball          |       |     1 |     1 ||     2
       Conjure Flame     |       |     1 |       ||     1
  Use: Scroll            |       |     2 |       ||     2
  Eat: Chunk             |     2 |     9 |     1 ||    12
       Pizza             |       |     1 |       ||     1
       Meat ration       |       |       |     1 ||     1
